 Dungeon Crawl Stone Soup version 0.30-a0-696-g2367cd04db (webtiles) character file.

Game seed: 6651567077789027418

15778 kae the Transmogrifier (level 12, -9/100 HPs)
             Began as a Demonspawn Transmuter on Jan 20, 2023.
             Was an Initiate of Ru.
             Mangled by a komodo dragon (30 damage)
             ... on level 1 of the Lair of Beasts.
             The game lasted 00:16:46 (11479 turns).

kae the Transmogrifier (Demonspawn Transmuter)     Turns: 11479, Time: 00:16:46

Health: -9/100     AC:  9    Str: 13    XL:     12   Next: 4%
Magic:  30/32      EV: 16    Int: 17    God:    Ru [......]
Gold:   1110       SH:  0    Dex: 14    Spells: 16/26 levels left

rFire   x . .      SeeInvis .      - Unarmed
rCold   + + +      Faith    .    (shield currently unavailable)
rNeg    . . .      Spirit   .    (body armour currently unavailable)
rPois   +          Reflect  .    (helmet currently unavailable)
rElec   .          Harm     .    (cloak currently unavailable)
rCorr   .          Rampage  .    (gloves currently unavailable)
Will    .....                    (boots currently unavailable) Stlth
                                 g - amulet of regeneration
HPRegen 1.16/turn                E - +5 ring of evasion
MPRegen 0.23/turn                W - ring of magical power

@: lethally poisoned (-9 -> -11), ice-form, wereblooded
A: freezing attack, amphibious, boosted hp, large, (icy blue scales 2), no
stealth, demonic magic 2, (demonic touch 1)
a: End Transformation, Renounce Religion


You were on level 1 of the Lair of Beasts.
You worshipped Ru.
Ru was noncommittal.
You were a creature of crystalline ice.
You visited 3 branches of the dungeon, and saw 13 of its levels.
You also visited: Sewer.

You collected 1219 gold pieces.
You spent 109 gold pieces at shops.


Innate Abilities, Weirdness & Mutations

You are a creature of crystalline ice.
You have a powerful freezing melee attack.
You are amphibious.
Your maximum health is increased.
Your armour is entirely melded.
You are incapable of wielding weapons or throwing items.
((You are mostly covered in icy blue scales. (AC +3)))
You cannot be stealthy.
Spells you cast may paralyse nearby enemies.
((Your touch may inflict minor irresistible damage on your foes.))


   Skills:
 + Level 4.6 Fighting
 + Level 4.4 Dodging
 + Level 8.0 Unarmed Combat
 + Level 7.9 Spellcasting
 * Level 11.0 Transmutations
 - Level 8.0 Ice Magic


You had 16 spell levels left.
You knew the following spells:

 Your Spells              Type           Power      Damage    Failure   Level
a - Beastly Appendage     Tmut           88%        N/A       1%          1
b - Wereblood             Tmut           44%        N/A       1%          2
c - Spider Form           Tmut/Pois      25%        N/A       3%          3
d - Ice Form              Ice/Tmut       39%        N/A       1%          4

Your spell library contained the following spells:

 Spells                   Type           Power      Damage    Failure   Level
 Freeze                   Ice            100%       1d10      1%          1
 Frozen Ramparts          Ice            68%        1d11      1%          3
 Ensorcelled Hibernation  Hex/Ice        40%        N/A       3%          2
 Hailstorm                Conj/Ice       20%        3d6       6%          3
 Ignite Poison            Fire/Tmut/Pois 19%        N/A       7%          3
 Shock                    Conj/Air       24%        1d4       11%         1
 Summon Ice Beast         Ice/Summ       20%        N/A       21%         4
 Kindle Blastsparks       Fire/Tloc/Air  12%        2d11      32%         3
 Swiftness                Air            6%         N/A       32%         3
 Freezing Cloud           Conj/Ice/Air   7%         6-21      67%         5
 Airstrike                Air            3%         2d(1-17)  71%         4
 Anguish                  Hex/Necr       3%         N/A       71%         4
 Animate Dead             Necr           6%         N/A       71%         4
 Haunt                    Necr/Summ      3%         N/A       100%        7
 Infestation              Necr           3%         N/A       100%        8

Inventory:

Missiles
 c - 78 stones
 o - a throwing net {=f!f}
 w - 5 javelins
 A - 9 poisoned darts
 B - 6 silver boomerangs
 J - 7 curare-tipped darts {=f}
Armour
 a - a +0 robe (melded)
 K - the +0 helmet of the Trilobite {Rampage}
   (You found it on level 11 of the Dungeon)

   Rampage:   It bestows one free step when moving towards enemies.
Magical Staves
 D - a staff of death {!a}
   (You found it on level 3 of the Dungeon)
Jewellery
 g - an amulet of regeneration (around neck)
   (You found it on level 8 of the Dungeon)
 n - an amulet of reflection
   (You found it on level 3 of the Dungeon)
 E - a +5 ring of evasion (left front paw)
   (You found it on level 2 of the Dungeon)
 W - a ring of magical power (right front paw)
   (You found it on level 8 of the Dungeon)
Wands
 t - a wand of roots (12)
   (You found it on level 6 of the Dungeon)
 C - a wand of digging (6)
   (You found it on level 9 of the Dungeon)
 F - a wand of flame (26)
   (You found it on level 8 of the Dungeon)
 I - a wand of paralysis (11)
   (You found it on level 10 of the Dungeon)
Scrolls
 j - 3 scrolls of magic mapping {!r}
 l - 3 scrolls of teleportation {@r4}
 m - 6 scrolls of noise {!r}
 q - a scroll of enchant weapon
 r - 3 scrolls of fog
 s - a scroll of vulnerability {!r!r}
 u - 2 scrolls of blinking {!r}
 v - a scroll of enchant armour
 x - a scroll of acquirement
 y - a scroll of fear
Potions
 b - a potion of ambrosia {unknown}
 d - 4 potions of mutation {unknown}
 e - 6 potions of curing {@q1}
 f - 2 potions of haste {@q3}
 h - a potion of brilliance
 i - 5 potions of degeneration {!q}
 k - 2 potions of heal wounds {@q2}
 p - 7 potions of flight
 z - 3 potions of attraction {!q}
 G - a potion of berserk rage {unknown}
 H - 2 potions of cancellation {unknown}

Dungeon Overview and Level Annotations

Branches:
Dungeon (11/15) Zot: 25741  Temple (1/1) D:6 Zot: 5950    Lair (1/5) D:8 Zot: 5934
    Orc (0/2) D:11          Sewer (visited)

Altars:
Ashenzari
Cheibriados
Dithmenos
Fedhas
Gozag
Hepliaklqana
Kikubaaqudgha
Makhleb
Nemelex Xobeh
Okawaru
Qazlal
Ru
Sif Muna
Trog
Uskayaw
Vehumet
Wu Jian
Xom
Yredelemnul

Shops:
D:3 *   D:5 (   D:8 =

Annotations:
D:2 1 runed translucent door, Crazy Yiuf
D:9 Harold

...###...#.....
...............
...>...........
...............
...............
...............
...............
....###Y#####
......l.....# .#
..............#..+
#......#.......#..#
#......#.......P...
#......#..........#
#..................
##......#.......#..#
##P.......###.##.#..#


You could see a komodo dragon.


Message History

The wolf bites you but does no damage. The wolf misses you. 😮 HP[-4]
You take 4 damage, and now have 72/100 hp.
Unknown command.
You closely miss the wolf. The wolf closely misses you. x2
The wolf bites you but does no damage. The wolf completely misses you.
The wolf bites you. 😮 HP[-1]
You take 1 damage, and now have 71/100 hp.
Unknown command.
You punch the wolf! You freeze the wolf.
You feel a bit better.
You kill the wolf!
The wolf barely misses you. x2 😮 HP[+4]
You regained 4 hp, and now have 75/100 hp.
You punch the wolf! You freeze the wolf. The wolf barely misses you.
The wolf completely misses you. The wolf barely misses you.
The wolf bites you but does no damage. 😕 HP[+1]
You punch the wolf! You freeze the wolf.
You feel a bit better.
You kill the wolf!
You warm up again.
Your +0 robe unmelds from your body.
The wolf closely misses you. The wolf misses you.
The wolf closely misses you. 😕 HP[-11]
You now have 84 max hp (-16).
You closely miss the wolf. Your touch misses the wolf.
You howl as the wereblood boils in your veins!
You hear an angry hiss.
The wolf bites you. The wolf bites you! The wolf barely misses you.
The wolf closely misses you. 😮 HP[-10]
You take 10 damage, and now have 55/84 hp.
Casting: Wereblood (safe; 1% risk of failure)
Confirm with . or Enter, or press ? or * to list all spells.
You turn into a creature of crystalline ice.
Your +0 robe melds into your body.
Malevolent energies surge around you.
The wolf suddenly stops moving!
The wolf bites you but does no damage. The wolf barely misses you.
A komodo dragon comes into view.
The wolf bites you. 😮 HP[+10] MP[-4]
You now have 100 max hp (+16).
You regained 10 hp, and now have 65/100 hp.
You lost 4 mp, and now have 28/32 mp.
You hit the wolf. You freeze the wolf. The wolf bites you. 😮 HP[-2]
You take 2 damage, and now have 63/100 hp.
You hit the wolf. You freeze the wolf. The wolf bites you but does no damage.
The wolf misses you. 😮 HP[+1]
You pummel the wolf!! You freeze the wolf.
You feel a bit better.
You kill the wolf! 😮 HP[+2] MP[+1]
You regained 2 hp, and now have 66/100 hp.
The helpless wolf fails to defend itself.
You pummel the wolf!! You freeze the wolf.
You feel a bit better.
You kill the wolf!
Your Transmutations skill increases to level 11! 😮 HP[+3]
You regained 3 hp, and now have 69/100 hp.
You barely miss the water moccasin. The water moccasin barely misses you.
The water moccasin closely misses you. 😮 HP[+1]
You punch the water moccasin! You freeze the water moccasin.
The water moccasin bites you. 😮 HP[-4]
You take 4 damage, and now have 66/100 hp.
You barely miss the water moccasin.
The water moccasin closely misses you. 😮 HP[+1]
You closely miss the water moccasin. The water moccasin bites you.
You are poisoned.
The water moccasin poisons you! The komodo dragon bites you!!
* * * LOW HITPOINT WARNING * * *
The water moccasin bites you.
* * * LOW HITPOINT WARNING * * *
😨 HP[-31] MP[+1]
You take 31 damage, and now have 36/100 hp.
MASSIVE DAMAGE!! (PAUSE)
You pummel the water moccasin!! You freeze the water moccasin.
You feel a bit better.
You kill the water moccasin!
You feel very sick.
The komodo dragon barely misses you. 😨 HP[-2]
You take 2 damage, and now have 34/100 hp.
Unknown command.
You feel very sick. The komodo dragon bites you!
* * * LOW HITPOINT WARNING * * *
You see here a water moccasin corpse. 😱 HP[-12]
You take 12 damage, and now have 22/100 hp.
You punch the komodo dragon! You freeze the komodo dragon.
You howl as the wereblood boils in your veins!
You feel sick. The komodo dragon closely misses you.
Unknown command.
You pummel the komodo dragon!! You freeze the komodo dragon.
You feel sick. The komodo dragon bites you!!
You die...

Skill      XL: |  1  2  3  4  5  6  7  8  9 10 11 12 |
---------------+-------------------------------------+-----
Transmutations | 2 3 4 5 6 8 9 10 11 | 11.0
Unarmed Combat | 3 4 5 6 7 8 |  8.0
Spellcasting   | 3 4 5 6 7 |  7.9
Ice Magic      | 2 3 5 6 8 |  8.0
Dodging        | 2 4 |  4.4
Fighting       | 2 4 |  4.6

Action                   |  1- 3 |  4- 6 |  7- 9 | 10-12 || total
-------------------------+-------+-------+-------+-------++-------
Melee: Unarmed           |    34 |   139 |   412 |   439 ||  1024
       Kick              |     7 |    10 |       |       ||    17
       Headbutt          |     4 |     4 |       |       ||     8
       Punch             |     1 |     1 |     2 |       ||     4
       Touch             |       |       |       |     1 ||     1
 Cast: Beastly Appendage |    11 |    17 |       |     1 ||    29
       Spider Form       |       |    11 |    13 |     1 ||    25
       Wereblood         |       |     1 |     7 |    13 ||    21
       Ice Form          |       |     2 |    30 |    37 ||    69
Invok: Reject Sacrifices |       |       |     1 |       ||     1
       Sacrifice Stealth |       |       |       |     1 ||     1
  Use: Scroll            |     4 |     9 |     6 |     2 ||    21
       Potion            |     1 |       |     1 |     3 ||     5
 Stab: Paralysed         |       |     3 |    13 |     5 ||    21
Armor: Robe              |     8 |    16 |    19 |     1 ||    44
       Skin              |     4 |     6 |    44 |   116 ||   170
Dodge: Dodged            |    17 |    99 |   311 |   301 ||   728
Block: Other             |       |     7 |    92 |     7 ||   106
       Reflection        |       |       |     5 |       ||     5

Levels and vault maps discovered:
D:1:      roderic_crop_circles_arrival_small, layout_rooms, minivault_11
D:2:      layout_rooms, uniq_sigmund, uniq_crazy_yiuf_cottage, uniq_robin
D:3:      layout_basic, minitemple, serial_shops, shop, uniq_natasha
D:4:      layout_basic, minmay_fractal_squares_gapless_5
D:5:      layout_rooms, serial_shops, shop
D:6:      layout_basic, temple_hall_moat, lightli_sewer_entry_pipes,
          uniq_eustachio, uniq_maggie, uniq_edmund
D:7:      layout_loops_corners, dreamdust_divine_triumvirate,
          kennysheep_small_square
D:8:      layout_rooms, mainiacjoe_overflow_surrounded_room,
          erik_lair_orcish_takeover, serial_shops, nicolae_stop_n_shop_2,
          uniq_grum
D:9:      layout_stronghold, mainiacjoe_overflow_concentric_impassable,
          uniq_pikel, uniq_harold
D:10:     layout_loops_ring, minmay_misc_feat_alley
D:11:     layout_roguey, orc_0_dummy, serial_bayou_pond_b, st_stairs_11,
          fedhas_altar_2, uniq_lodul, uniq_nergalle
Temple:   hellmonk_temple_of_storms
Lair:1:   lemuel_slime, layout_regular_city, lemuel_fruit_fields,
          lemuel_fruit_fields, uniq_urug, uniq_joseph

Notes
Turn   | Place    | Note
-------+----------+-------------------------------------------
     0 | D:1      | kae the Demonspawn Transmuter began the quest for the Orb.
     0 | D:1      | Reached XP level 1. HP: 15/15 MP: 3/3
     0 | D:1      | magus.rc [v1.11.3]
    23 | D:1      | You pick up a book of Death and begin reading...
    23 | D:1      | You add the spells Animate Dead, Haunt and Infestation to
                  | your library.
    64 | D:1      | You pick up a book of Air and begin reading...
    64 | D:1      | You add the spells Shock, Swiftness and Airstrike to your
                  | library.
   129 | D:1      | Reached skill level 2 in Transmutations
   147 | D:1      | You pick up a book of Frost and begin reading...
   147 | D:1      | You add the spells Freeze, Frozen Ramparts and Hailstorm to
                  | your library.
   446 | D:2      | Gained mutation: You are partially covered in icy blue
                  | scales. (AC +2) [demonic ancestry]
   446 | D:2      | Reached XP level 2. HP: 21/21 MP: 1/5
   520 | D:2      | Noticed Sigmund
   629 | D:2      | Reached skill level 3 in Unarmed Combat
   651 | D:2      | Found a runed translucent door.
   652 | D:2      | Noticed Crazy Yiuf
   683 | D:2      | Killed Sigmund
   684 | D:2      | Reached skill level 3 in Spellcasting
   684 | D:2      | Reached skill level 3 in Transmutations
   684 | D:2      | Reached XP level 3. HP: 24/26 MP: 5/7
   684 | D:2      | Gained mutation: Spells you cast may paralyse adjacent
                  | enemies. [demonic ancestry]
   684 | D:2      | Reached XP level 4. HP: 29/32 MP: 5/8
   684 | D:2      | Reached XP level 5. HP: 34/37 MP: 5/9
   745 | D:2      | Learned a level 2 spell: Wereblood
   749 | D:2      | Learned a level 3 spell: Spider Form
   871 | D:2      | Noticed Robin
   896 | D:2      | Killed Robin
   897 | D:2      | Reached skill level 4 in Transmutations
  1159 | D:2      | Learned a level 4 spell: Ice Form
  1415 | D:3      | Noticed Natasha
  1436 | D:3      | Killed Natasha
  1563 | D:3      | Found Tuolameq's Assorted Antiques.
  1563 | D:3      | Noticed Natasha
  1569 | D:3      | Killed Natasha
  1570 | D:3      | Reached XP level 6. HP: 43/43 MP: 6/10
  1606 | D:3      | Bought a fuming black potion for 20 gold pieces
  1606 | D:3      | Bought a fuming black potion for 20 gold pieces
  1606 | D:3      | Bought a scroll labelled BUAHI BYENT for 23 gold pieces
  1606 | D:3      | Bought a scroll labelled CAIGOT AFFIAROWN for 23 gold
                  | pieces
  1606 | D:3      | Bought a scroll labelled ZURAPPO DICEE for 23 gold pieces
  1643 | D:3      | Noticed Natasha
  1651 | D:3      | Killed Natasha
  1652 | D:3      | Reached skill level 1 in Ice Magic
  1947 | D:3      | Found a shadowy altar of Dithmenos.
  1948 | D:3      | Found a radiant altar of Vehumet.
  1953 | D:3      | Found a hazy altar of Hepliaklqana.
  1954 | D:3      | Found a sparkling altar of Nemelex Xobeh.
  1954 | D:3      | Found a burning altar of Makhleb.
  1955 | D:3      | Found a broken altar of Ashenzari.
  1955 | D:3      | Found a snail-covered altar of Cheibriados.
  1956 | D:3      | Found a shimmering altar of Xom.
  1958 | D:3      | Found a stormy altar of Qazlal.
  1959 | D:3      | Found an opulent altar of Gozag.
  2068 | D:3      | You pick up a book of Rime and begin reading...
  2589 | D:4      | Reached skill level 4 in Unarmed Combat
  3101 | D:4      | Reached skill level 2 in Ice Magic
  3246 | D:5      | Entered Level 5 of the Dungeon
  3283 | D:5      | Gained mutation: You are mostly covered in icy blue scales.
                  | (AC +3) [demonic ancestry]
  3283 | D:5      | Reached XP level 7. HP: 48/48 MP: 7/12
  3366 | D:5      | Reached skill level 5 in Transmutations
  3479 | D:5      | Reached skill level 3 in Ice Magic
  3549 | D:5      | Reached skill level 4 in Spellcasting
  3851 | D:5      | Found Yni Nuid's Weapon Emporium.
  4006 | D:6      | Found a glowing drain.
  4011 | Sewer    | Entered a sewer
  4301 | Sewer    | Gained mutation: Spells you cast may paralyse nearby
                  | enemies. [demonic ancestry]
  4301 | Sewer    | Reached XP level 8. HP: 49/54 MP: 7/14
  5064 | D:6      | Reached skill level 4 in Ice Magic
  5065 | D:6      | Reached skill level 6 in Transmutations
  5066 | D:6      | Noticed Maggie
  5068 | D:6      | Noticed Eustachio
  5073 | D:6      | HP: 13/64 [centaur/arrow (8)]
  5075 | D:6      | HP: 2/64 [shadow imp/nerve-wracking pain[Eustachio] (11)]
  5230 | D:6      | Noticed Edmund
  5249 | D:6      | Killed Edmund
  5250 | D:6      | Reached skill level 5 in Unarmed Combat
  5499 | D:6      | Killed Maggie
  5500 | D:6      | Reached skill level 5 in Spellcasting
  5500 | D:6      | Reached skill level 5 in Ice Magic
  5500 | D:6      | Reached XP level 9. HP: 59/59 MP: 10/16
  5530 | D:6      | Killed Eustachio
  5552 | D:6      | You add the spells Kindle Blastsparks, Ignite Poison and
                  | Freezing Cloud to your library.
  5627 | D:6      | Reached skill level 7 in Transmutations
  5718 | D:6      | Found a staircase to the Ecumenical Temple.
  5722 | Temple   | Entered the Ecumenical Temple
  5753 | Temple   | Became a worshipper of Ru the Awakened
  6177 | D:6      | Identified a scroll of acquirement
  6725 | D:7      | Reached skill level 6 in Ice Magic
  7341 | D:8      | Found Hoejykets's Jewellery Boutique.
  7399 | D:8      | Noticed Grum
  7421 | D:8      | Killed Grum
  7428 | D:8      | Reached skill level 6 in Unarmed Combat
  7428 | D:8      | Reached skill level 8 in Transmutations
  7522 | D:8      | Found a staircase to the Lair.
  7537 | D:8      | Reached XP level 10. HP: 52/65 MP: 13/18
  7543 | D:8      | Reached skill level 7 in Ice Magic
  7743 | D:8      | Reached skill level 6 in Spellcasting
  7852 | D:8      | Found a basalt altar of Yredelemnul.
  8240 | D:9      | Noticed a two-headed ogre
  8251 | D:9      | Killed a two-headed ogre
  8375 | D:9      | Noticed Pikel
  8394 | D:9      | Killed Pikel
  8558 | D:9      | Found a shimmering blue altar of Sif Muna.
  8633 | D:9      | Reached skill level 9 in Transmutations
  8921 | D:9      | Noticed Harold
  9143 | D:9      | Reached skill level 8 in Ice Magic
  9393 | D:10     | Entered Level 10 of the Dungeon
  9507 | D:10     | Reached skill level 2 in Dodging
  9530 | D:10     | Reached skill level 7 in Unarmed Combat
  9534 | D:10     | Reached skill level 2 in Fighting
  9551 | D:10     | Gained mutation: Your touch may inflict minor irresistible
                  | damage on your foes. [demonic ancestry]
  9551 | D:10     | Reached XP level 11. HP: 72/72 MP: 21/21
  9809 | D:10     | Reached skill level 7 in Spellcasting
  9890 | D:10     | You pick up a book of Dreams and begin reading...
  9890 | D:10     | You add the spells Ensorcelled Hibernation and Anguish to
                  | your library.
  9974 | D:10     | Identified the +0 cloak "Bizxeomm" {Harm +Blink rN++ rCorr}
 10100 | D:10     | Gained mutation: You cannot be stealthy. [Ru sacrifice]
 10130 | D:11     | Noticed Nergalle
 10255 | D:11     | HP: 16/88 [manticore (14)]
 10262 | D:11     | HP: 13/88 [manticore (17)]
 10264 | D:11     | Reached skill level 3 in Fighting
 10264 | D:11     | Reached skill level 3 in Dodging
 10264 | D:11     | Reached skill level 10 in Transmutations
 10562 | D:11     | Identified the +0 helmet of the Trilobite {Rampage}
 10583 | D:11     | Found a staircase to the Orcish Mines.
 10618 | D:11     | Noticed Lodul
 10646 | D:11     | Killed Lodul
 10724 | D:11     | Found a blossoming altar of Fedhas.
 10868 | D:11     | Reached skill level 4 in Fighting
 10915 | D:11     | Reached skill level 4 in Dodging
 11026 | D:11     | Noticed a spectral orc warlord
 11026 | D:11     | Killed Nergalle
 11238 | D:11     | Reached skill level 8 in Unarmed Combat
 11269 | D:11     | magus.rc [v1.11.3]
 11408 | Lair:1   | Entered Level 1 of the Lair of Beasts
 11445 | Lair:1   | Reached XP level 12. HP: 81/84 MP: 23/23
 11445 | Lair:1   | magus.rc [v1.11.3]
 11472 | Lair:1   | Reached skill level 11 in Transmutations
 11477 | Lair:1   | HP: 22/100 [komodo dragon (10)]
 11479 | Lair:1   | Mangled by a komodo dragon

Vanquished Creatures
  A two-headed ogre (D:9)
  Nergalle (D:11)
  Lodul (D:11)
  Pikel (D:9)
  3 cyclopes (D:11)
  A manticore (D:11)
  Maggie (D:6)
  An unseen horror (D:11)
  A komodo dragon (D:11)
  6 trolls
  Sigmund (D:2)
  2 shadows
  A wyvern (D:11)
  2 wraiths (D:11)
  Eustachio (D:6)
  18 yaks
  A vampire mosquito (D:11)
  Grum (D:8)
  Edmund (D:6)
  3 wargs (D:8)
  2 acid dragons
  4 water moccasins
  6 orc warriors
  7 ogres
  A sky beast (D:7)
  A black bear (D:6)
  7 centaurs
  10 wolves
  A lemure (D:9)
  2 kobold brigands
  A gnoll sergeant (D:11)
  2 bullfrogs
  A scorpion (D:6)
  4 wights (D:6)
  6 killer bees
  2 howler monkeys (D:9)
  An electric eel (D:11)
  6 hounds
  8 orc priests
  3 jellies
  A gnoll bouda (D:10)
  4 iguanas
  10 orc wizards
  Natasha (thrice) (D:3)
  Robin (D:2)
  11 gnolls
  11 adders
  10 river rats
  2 shadow imps
  3 white imps
  7 worms
  2 dart slugs
  35 orcs
  2 endoplasms
  6 giant cockroaches
  12 goblins
  7 hobgoblins
  6 jackals (Sewer)
  8 kobolds
  2 quokkas
  7 ball pythons
  16 bats
  5 frilled lizards
  6 rats
300 creatures vanquished.

Vanquished Creatures (others)
  7 plants (D:11)
7 creatures vanquished.

Grand Total: 307 creatures vanquished

Table legend:
 A = Non-vault XP
 B = Vault XP
 C = Vault XP percentage of total XP
 D = Non-vault monster count
 E = Vault monster count
 F = Vault count percentage of total count
                 A         B        C        D         E       F
            +---------+---------+-------+---------+---------+-------
      Total |   15609 |    6931 |  30.7 |     199 |     100 |  33.4
            +---------+---------+-------+---------+---------+-------
        D:1 |       9 |       0 |   0.0 |       5 |       0 |   0.0
        D:2 |      42 |     260 |  86.1 |      15 |      12 |  44.4
        D:3 |     106 |      35 |  24.8 |      18 |       1 |   5.3
        D:4 |     229 |       2 |   0.9 |      16 |       1 |   5.9
        D:5 |     520 |       0 |   0.0 |      15 |       0 |   0.0
        D:6 |    1290 |     899 |  41.1 |      21 |      13 |  38.2
        D:7 |     670 |     147 |  18.0 |      23 |       4 |  14.8
        D:8 |     455 |    1280 |  73.8 |       7 |      14 |  66.7
        D:9 |    2490 |     607 |  19.6 |      26 |       1 |   3.7
       D:10 |    2684 |       0 |   0.0 |      20 |       0 |   0.0
       D:11 |    6289 |    3501 |  35.8 |      26 |      15 |  36.6
     Lair:1 |     825 |       0 |   0.0 |       7 |       0 |   0.0
      Sewer |       0 |     200 | 100.0 |       0 |      39 | 100.0
            +---------+---------+-------+---------+---------+-------

Illustrated notes

Table legend:
 A = Kills in this place as a percentage of kills in entire the game.
 B = Kills by you in this place as a percentage of kills by you in the entire game.
 C = Kills by friends in this place as a percentage of kills by friends in the entire game.
 D = Other kills in this place as a percentage of other kills in the entire game.
 E = Experience gained in this place as a percentage of experience gained in the entire game.
 F = Experience gained in this place divided by the number of levels of this place that you have seen.
                   A       B       C       D       E      F
               +-------+-------+-------+-------+-------+----------------------
         Total | 100.0 | 100.0 |   N/A |   N/A | 100.0 | 1610.0
       Dungeon |  84.6 |  84.6 |   N/A |   N/A |  95.5 | 1955.9
          Lair |   2.3 |   2.3 |   N/A |   N/A |   3.7 | 825.0
         Sewer |  13.0 |  13.0 |   N/A |   N/A |   0.9 | 200.0
               +-------+-------+-------+-------+-------+----------------------

Table legend: (Time is in decaauts)
 A = Elapsed time spent in this place.
 B = Non-inter-level travel time spent in this place.
 C = Inter-level travel time spent in this place.
 D = Time resting spent in this place.
 E = Time spent auto-exploring this place.
 F = Levels seen in this place.
 G = Mean time per level.
                   A        B        C        D        E       F      G
               +--------+--------+--------+--------+--------+-----+--------+
         Total |  11536 |  11078 |    458 |    303 |   8384 |  14 |  824.0 |
       Dungeon |  10438 |   9999 |    439 |    303 |   7631 |  11 |  948.9 |
        Temple |     49 |     31 |     18 |      0 |     17 |   1 |   49.0 |
          Lair |     64 |     64 |      0 |      0 |     18 |   1 |   64.0 |
         Sewer |    983 |    983 |      0 |      0 |    717 |   1 |  983.0 |
               +--------+--------+--------+--------+--------+-----+--------+

Top non-repeatable levels by time:
     D:6: 1454 daAuts
     D:9: 1231 daAuts
    D:11: 1184 daAuts
     D:4: 1119 daAuts
     D:7: 1104 daAuts
   Sewer: 983 daAuts
     D:3: 926 daAuts
     D:8: 838 daAuts
    D:10: 768 daAuts
     D:2: 750 daAuts
     D:5: 621 daAuts
     D:1: 438 daAuts
  Lair:1: 64 daAuts
  Temple: 49 daAuts
